 Dungeon Crawl Stone Soup version 0.29-a0-824-gd827844252 (webtiles) character file.

Game seed: 16674302188655534033

100 Malachi the Magician (level 5, -9/35 HPs)
             Began as a Djinni Fire Elementalist on July 10, 2022.
             Killed from afar by Crazy Yiuf (15 damage)
             ... with a bolt of light
             ... on level 2 of the Dungeon.
             The game lasted 00:02:58 (2299 turns).

Malachi the Magician (Djinni Fire Elementalist)     Turns: 2299, Time: 00:02:59

Health: -9/35      AC:  2    Str:  7    XL:     5   Next: 3%
Gold:   115        EV: 12    Int: 19    God:
                   SH:  0    Dex: 13

rFire   + . .      SeeInvis .   f - +0 dagger (venom)
rCold   . . .      Faith    .   (no shield)
rNeg    . . .      Spirit   .   a - +0 robe
rPois   ∞          Reflect  .   (no helmet)
rElec   .          Harm     .   (no cloak)
rCorr   .          Rampage  .   (no gloves)
Will    .....                   (boots unavailable)
Stlth   ++........              (no amulet)
HPRegen 0.11/turn               m - ring of ice
MPRegen 0.00/turn               (no ring)

@: flying
A: sickness immunity, fire resistance 2, cold vulnerability 1, float, innate
caster, HP casting, extra vitality 1
a: no special abilities


You were on level 2 of the Dungeon.
You visited 1 branch of the dungeon, and saw 2 of its levels.

You collected 115 gold pieces.

Inventory:

Hand Weapons
 f - a +0 dagger of venom (weapon)
Missiles
 o - 2 throwing nets
Armour
 a - a +0 robe (worn)
Jewellery
 m - a ring of ice (left hand)
Scrolls
 b - 5 scrolls of immolation {unknown}
 d - a scroll of fear {unknown}
 e - 4 scrolls of identify {unknown}
 g - 5 scrolls of teleportation {unknown}
 h - a scroll of brand weapon {unknown}
 i - a scroll of silence {unknown}
 k - a scroll of fog {unknown}
 p - a scroll of enchant armour {unknown}
Potions
 c - 3 potions of curing {unknown}
 j - a potion of attraction {unknown}
 l - a potion of lignification {unknown}
 n - a potion of might {unknown}


   Skills:
 - Level 2.2 Dodging
 - Level 1.5 Stealth
 * Level 4.1 Spellcasting


You couldn't memorise any spells.
You knew the following spells:

 Your Spells              Type           Power      Damage    Failure   Level
a - Foxfire               Conj/Fire      76%        2x1d7     2%          1
b - Scorch                Fire           38%        2d6       3%          2
c - Conjure Flame         Conj/Fire      19%        6-21      8%          3
d - Inner Flame           Hex/Fire       19%        N/A       8%          3
e - Flame Wave            Conj/Fire      19%        2d6       24%         4
f - Necrotise             Necr           76%        1d7       2%          1
g - Searing Ray           Conj           38%        2d5       3%          2
Your spell library was empty.

Dungeon Overview and Level Annotations

Branches:
Dungeon (2/15)

Altars:

Annotations:
D:2 Crazy Yiuf


Innate Abilities, Weirdness & Mutations

You are immune to sickness and miasma.
You are immune to poison.
Your flesh is very heat resistant. (rF++)
You are vulnerable to cold. (rC-)
You float through the air rather than walking.
You learn spells naturally, not from books.
Your magical power is your life essence.
You have superior vitality. (+4 MHP)


Message History

Aiming: Necrotise (safe; 2% risk of failure)
Press: ? - help, Q - select action, (/) - cycle Shift-Dir - straight line, f - kobold
Aim: a kobold, wielding a +0 whip and quivering stones (asleep, ally target, chance to affect: 89%)
The kobold shouts!
The kobold writhes in agony.
You kill the kobold!
The dead are walking!
You swap places.
You swap places.
Your rat skeleton crumbles into dust!
You see here a +0 hammer.
You see here the +6 shillelagh "Devastator" {shatter}.
You see here a +0 hammer.
You see here a +0 hammer.
You see here a +0 hammer.
Could not explore, unopened runed door.
Could not explore, unopened runed door.
You reach down and open the door.
Casting: Necrotise (safe; 2% risk of failure)
Confirm with . or Enter, or press ? or * to list all spells.
Okay, then.
Casting: Necrotise (safe; 2% risk of failure)
Confirm with . or Enter, or press ? or * to list all spells.
Aiming: Searing Ray (safe; 3% risk of failure)
Press: ? - help, Shift-Dir - straight line, f - Crazy Yiuf
Aim: Crazy Yiuf, wielding a +3 quarterstaff of chaos, wearing a +0 cloak and carrying a wand of light (4) (81% to hit)
The searing ray hits Crazy Yiuf but does no damage. (Press . to maintain the ray.) Crazy Yiuf hits you with a +3 quarterstaff of chaos!
Crazy Yiuf freezes you.
The searing ray hits Crazy Yiuf.
Crazy Yiuf is lightly wounded.
Crazy Yiuf hits you with a +3 quarterstaff of chaos!
* * * LOW HITPOINT WARNING * * *
You blink.
Unknown command.
You see here a +0 hammer.
Crazy Yiuf zaps a wand.
The bolt of light hits the fungus!
The fungus begins to die.
The fungus is blinded.
The bolt of light hits you!
You die...

#......................#..
#...(................#....
##........................
#........####.#......#..<
#........# #...####.....
######........## ##..## #.##..
#........Z.#...# ##..###.##..
#..........#.#.####...........
#......Z...#.@..##...##.##....
#........####....###.##.##.#..
####..#### #....# #....##.#..
##.##..# ♣.P..♣ #.......##(
##..#)..# ♣♣P.)♣ #....##....
#.......# ♣♣g♣♣ #....##....
#.......# ♣♣)♣ #....##....
#.......# ♣)♣♣ #.......###
####....# ♣♣)♣ #....#### #


You could see Crazy Yiuf.

Vanquished Creatures
  Terence (D:2)
  2 adders (D:2)
  3 worms (D:2)
  A dart slug (D:2)
  5 ball pythons
  2 endoplasms (D:2)
  3 giant cockroaches
  4 goblins
  7 hobgoblins
  8 bats
  3 frilled lizards
  6 kobolds
  2 rats (D:2)
47 creatures vanquished.

Vanquished Creatures (others)
  53 foxfires
53 creatures vanquished.

Grand Total: 100 creatures vanquished

Notes
Turn   | Place    | Note
-------+----------+-------------------------------------------
     0 | D:1      | Malachi the Djinni Fire Elementalist began the quest for
                  | the Orb.
     0 | D:1      | Malachi set off with the following spells memorised:
                  | Foxfire, Scorch, Conjure Flame, Inner Flame, Flame Wave.
     0 | D:1      | Reached XP level 1. HP: 15/15 MP: 0/0
   190 | D:1      | Reached XP level 2. HP: 17/21 MP: 0/0
   428 | D:1      | Reached skill level 3 in Spellcasting
  1077 | D:2      | Reached XP level 3. HP: 23/25 MP: 0/0
  1077 | D:2      | Learned a level 1 spell: Necrotise
  1084 | D:2      | Noticed Terence
  1086 | D:2      | Killed Terence
  1087 | D:2      | Reached XP level 4. HP: 17/31 MP: 0/0
  1383 | D:2      | Found a faded altar of an unknown god.
  1700 | D:2      | Reached skill level 4 in Spellcasting
  2146 | D:2      | Reached XP level 5. HP: 33/35 MP: 0/0
  2146 | D:2      | Learned a level 2 spell: Searing Ray
  2220 | D:2      | Found the +6 shillelagh "Devastator" {shatter}
  2228 | D:2      | Found a runed translucent door.
  2229 | D:2      | Noticed Crazy Yiuf
  2299 | D:2      | Killed from afar by Crazy Yiuf

Illustrated notes

Levels and vault maps discovered:
D:1:      heliophobic_arrival_battle_scene, layout_rooms, kennysheep_nondescript
D:2:      layout_rooms, hellmonk_ecumenical_altar_inner_sanctum,
          minmay_bisected, uniq_terence, uniq_crazy_yiuf_cottage

Skill      XL: |  1  2  3  4 |
---------------+-------------+-----
Spellcasting   | 3 4 |  4.1
Dodging        | |  2.2
Stealth        | |  1.5

Action                   |  1- 3 |  4- 6 || total
-------------------------+-------+-------++-------
Melee: Unarmed           |     4 |       ||     4
       Dagger            |     3 |       ||     3
 Cast: Foxfire           |    32 |       ||    32
       Scorch            |     4 |     4 ||     8
       Necrotise         |       |    56 ||    56
       Searing Ray       |       |     1 ||     1
Armor: Robe              |     4 |     3 ||     7
Dodge: Dodged            |    14 |     5 ||    19

Table legend: (Time is in decaauts)
 A = Elapsed time spent in this place.
 B = Non-inter-level travel time spent in this place.
 C = Inter-level travel time spent in this place.
 D = Time resting spent in this place.
 E = Time spent auto-exploring this place.
 F = Levels seen in this place.
 G = Mean time per level.
                   A        B        C        D        E       F      G
               +--------+--------+--------+--------+--------+-----+--------+
         Total |   2297 |   2277 |     20 |    184 |   1849 |   2 | 1148.5 |
       Dungeon |   2297 |   2277 |     20 |    184 |   1849 |   2 | 1148.5 |
               +--------+--------+--------+--------+--------+-----+--------+

Top non-repeatable levels by time:
     D:2: 1226 daAuts
     D:1: 1071 daAuts
